AoeStats
← Sid

Arabia

507668304Analyzed
2v2 RM · 13d ago on Sep 19, 2026· 34m 27s· 4 players
Game mode
Random Map
Map size
Medium (4 player)
Population
200
Speed
Normal
Resources
Standard
Victory
Conquest
Starting age
Dark Age
Ending age
Imperial Age
RankedLock teamsTeams togetherTeam positionsShared explorationLock speedFull tech treeHidden civsTurbo modeCheats
Victory
Defeat
🇯🇵 Vikings · Japan
1303
+15
🇯🇵 Wei · Japan
1253
+17
🇪🇸 Franks · Spain
1292
-16
🇩🇪 Britons · Germany
1272
-16
chessolymp
6:44 Loom
9:18 Feudal Age
12:57 Fletching
14:39 Horse Collar
18:37 Padded Archer Armor
24:24 Castle Age
22:44 Double-Bit Axe
25:05 Bodkin Arrow
24:31 Crossbowman
26:09 Bow Saw
27:15 Ballistics
28:30 Leather Archer Armor
ZapeRciLLo1
7:11 Loom
9:47 Feudal Age
21:28 Castle Age
19:27 Double-Bit Axe
20:10 Scale Barding Armor
22:55 Forging
23:06 Chain Barding Armor
24:25 Husbandry
25:57 Fletching
30:33 Iron Casting
32:55 Town Watch
Sid
6:35 Loom
9:20 Feudal Age
9:54 Double-Bit Axe
12:01 Horse Collar
18:17 Wheelbarrow
22:08 Castle Age
20:16 Gold Mining
21:20 Scale Barding Armor
22:11 Forging
22:19 Bloodlines
22:53 Husbandry
23:36 Chain Barding Armor
24:18 Heavy Plow
25:01 Pikeman
25:52 Town Watch
28:06 Iron Casting
28:18 Stone Mining
33:31 Scale Mail Armor
34:20 Gold Shaft Mining
fumin.jp
6:42 Loom
9:20 Feudal Age
10:29 Double-Bit Axe
11:35 Town Watch
14:17 Padded Archer Armor
14:43 Fletching
23:26 Castle Age
21:34 Horse Collar
21:56 Gold Mining
23:36 Crossbowman
24:12 Bodkin Arrow
24:55 Leather Archer Armor
27:01 Bow Saw
27:32 Gold Shaft Mining
28:32 Ballistics
28:35 Masonry
29:23 Heavy Plow
Connection lost

Rejoining the realm…

Still unreachable

The connection could not be restored.

Session expired

The server has moved on; the page needs a fresh start.